 Dungeon Crawl Stone Soup version 0.24.0-41-g2ae2f7f1be (webtiles) character file.

Game seed: 597639145464474977, levelgen mode: deterministic

3306 Anathary the Cleaver (level 10, -4/59 HPs)
             Began as a Gargoyle Fighter on Dec 10, 2019.
             Was a Follower of Trog.
             Impaled on a porcupine's spines (11 damage)
             ... on level 8 of the Dungeon.
             The game lasted 00:41:26 (8235 turns).

Anathary the Cleaver (Gargoyle Fighter)             Turns: 8235, Time: 00:41:29

Health: -4/59      AC: 13    Str: 23    XL:     10   Next: 1%
Magic:  10/10      EV:  7    Int: 15    God:    Trog [*.....]
Gold:   282        SH: 16    Dex:  9    Spells: 9/9 levels left

rFire    . . .     SeeInvis .   t - +0 broad axe
rCold    . . .     Gourm    .   c - +0 large shield
rNeg     + . .     Faith    .   b - +0 scale mail
rPois    ∞         Spirit   .   p - +0 helmet
rElec    +         Reflect  .   (no cloak)
rCorr    .         Harm     .   i - +0 pair of gloves
MR       .....                  (no boots)
Stlth    ..........             r - amulet of regeneration
HPRegen  0.59/turn              m - +6 ring of intelligence
MPRegen  0.12/turn              (no ring)

@: corroded
A: negative energy resistance 1, electricity resistance, unbreathing,
petrification resistance, rot immunity, AC +7
a: Berserk, Renounce Religion


You were on level 8 of the Dungeon.
You worshipped Trog.
Trog was aware of your devotion.
You were not hungry.

You visited 2 branches of the dungeon, and saw 9 of its levels.

You collected 282 gold pieces.

Inventory:

Hand Weapons
 a - a +1 war axe
 t - a +0 broad axe (weapon)
Armour
 b - a +0 scale mail (worn)
 c - a +0 large shield (worn)
 i - a +0 pair of gloves (worn)
 p - a +0 helmet (worn)
Jewellery
 m - a +6 ring of intelligence (left hand)
 o - an uncursed amulet of guardian spirit
 r - an amulet of regeneration (around neck)
Wands
 C - a wand of random effects (21)
Scrolls
 e - a scroll of immolation {unknown}
 g - 6 scrolls of identify
 u - 4 scrolls of teleportation
 w - 3 scrolls of remove curse
 x - a scroll of enchant weapon
 y - a scroll of brand weapon {unknown}
 A - a scroll of noise {unknown}
 D - a scroll of blinking {unknown}
 E - a scroll of amnesia {unknown}
Potions
 d - 2 potions of might
 h - 2 potions of lignification {unknown}
 j - 7 potions of curing {unknown}
 k - a potion of flight {unknown}
 l - a potion of agility {unknown}
 n - 7 potions of heal wounds {unknown}
 q - a potion of haste
 s - 3 potions of mutation {unknown}
 v - a potion of berserk rage {unknown}
 z - 3 potions of invisibility {unknown}
 B - a potion of ambrosia {unknown}
Comestibles
 f - 4 rations


   Skills:
 + Level 5.3 Fighting
 * Level 9.9 Axes
 + Level 5.8 Armour
 + Level 2.5 Dodging
 + Level 0.4 Stealth
 + Level 6.8 Shields


You had 9 spell levels left.
You didn't know any spells.
Your spell library was empty.

Dungeon Overview and Level Annotations

Branches:
Dungeon (8/15)             Temple (1/1) D:7
   Lair: D:8-11

Altars:
Ashenzari
Cheibriados
Dithmenos
Fedhas
Gozag
Hepliaklqana
Kikubaaqudgha
Makhleb
Nemelex Xobeh
Okawaru
Qazlal
Ru
Sif Muna
Trog
Uskayaw
Vehumet
Wu Jian
Xom
Yredelemnul
Zin
The Shining One

Shops:
D:5 *


Innate Abilities, Weirdness & Mutations

You are resistant to torment.
Your stone body is resilient. (AC +7)
You are immune to poison.
You resist negative energy. (rN+)
You are resistant to electric shocks. (rElec)
You can survive without breathing.
You are immune to petrification.
You are immune to rotting.


Message History

You kill the orc!
Trog accepts your kill.
You hit the jelly. The acid corrodes you!
Your hands burn!
* * * LOW HITPOINT WARNING * * *
You block the porcupine's attack. You block the orc wizard's attack.
The jelly completely misses you. The porcupine bites you.
* * * LOW HITPOINT WARNING * * *
You hit the jelly but do no damage.
Your hands burn!
* * * LOW HITPOINT WARNING * * *
The jelly is moderately wounded.
You barely miss the orc wizard. You slash the porcupine!
You block the orc wizard's attack. You block the porcupine's attack.
The jelly hits you but does no damage. The yak closely misses you.
You slash the jelly!
Your hands burn!
* * * LOW HITPOINT WARNING * * *
The jelly is severely wounded.
You hit the orc wizard but do no damage.
You barely miss the orc wizard. You hit the yak.
You are struck by the porcupine's spines.
You die...

............P#
.........P...#
..........P.P#
.........P.P.##+#...
.........PP.P.....PP
.....o...P.P.P..P...
......ooJ†..P...PrPP
#..@r†...P.P.P..
#...Y.......P.
#.^.....#..##
#.......<.##
#.........#
..........##
..########## ..


You could see a yak, a porcupine, a jelly, 2 orc wizards and an orc.

Vanquished Creatures
  A porcupine (D:8)
  8 necrophages (D:7)
  3 ogres
  3 phantoms
  2 centaurs
  Blork the orc (D:4)
  4 bullfrogs
  A scorpion (D:5)
  3 wights (D:7)
  A bullfrog zombie (D:7)
  2 crimson imps
  5 hounds
  An orc priest (D:4)
  5 jellies
  3 centaur skeletons
  6 orc wizards
  Jessica (D:3)
  2 worker ants
  Natasha (thrice) (D:4)
  An iguana (D:5)
  2 killer bee zombies (D:7)
  2 hound skeletons (D:5)
  3 mummies (D:7)
  3 worker ant zombies
  4 gnolls (D:4)
  A howler monkey skeleton (D:4)
  13 adders
  2 shadow imps (D:5)
  2 oozes
  An adder zombie (D:7)
  5 worms
  5 dart slugs
  8 leopard geckos
  28 orcs
  6 bats
  4 giant cockroaches
  9 goblins
  A hobgoblin (D:2)
  7 jackals
  5 quokkas
  A ball python (D:2)
  4 frilled lizards
  8 kobolds
  2 leopard gecko zombies (D:7)
  A quokka zombie (D:7)
  8 rats
191 creatures vanquished.

Notes
Turn   | Place    | Note
-------+----------+-------------------------------------------
     0 | D:1      | Anathary the Gargoyle Fighter began the quest for the Orb.
     0 | D:1      | Reached XP level 1. HP: 14/14 MP: 1/1
   254 | D:1      | Reached XP level 2. HP: 19/19 MP: 2/2
   343 | D:1      | Reached skill level 2 in Axes
   634 | D:1      | Reached XP level 3. HP: 23/23 MP: 3/3
  1062 | D:2      | Found an ornate altar of the Wu Jian Council.
  1304 | D:2      | Reached XP level 4. HP: 25/29 MP: 4/4
  1378 | D:2      | You fall into a shaft and drop 2 floors!
  1393 | D:3      | Reached skill level 3 in Axes
  1716 | D:2      | Found a shattered altar of Ashenzari.
  2778 | D:3      | Reached XP level 5. HP: 33/33 MP: 5/5
  2819 | D:3      | Noticed Jessica
  2824 | D:3      | Killed Jessica
  3127 | D:4      | Noticed Natasha
  3137 | D:4      | Killed Natasha
  3143 | D:4      | Noticed a phantom
  3221 | D:4      | Reached XP level 6. HP: 35/38 MP: 6/6
  3221 | D:4      | Reached skill level 1 in Dodging
  3244 | D:4      | Noticed Natasha
  3249 | D:4      | Reached skill level 4 in Axes
  3253 | D:4      | Killed Natasha
  3319 | D:4      | Noticed Natasha
  3330 | D:4      | Killed Natasha
  3468 | D:4      | Found a shadowy altar of Dithmenos.
  3486 | D:4      | Noticed Blork the orc
  3495 | D:4      | Reached XP level 7. HP: 43/43 MP: 7/7
  3503 | D:4      | Killed Blork the orc
  3503 | D:4      | Reached skill level 5 in Axes
  3538 | D:4      | Found a shadowy altar of Dithmenos.
  3613 | D:4      | Reached skill level 5 in Shields
  4167 | D:5      | Entered Level 5 of the Dungeon
  4186 | D:5      | Reached skill level 6 in Axes
  4226 | D:5      | Reached XP level 8. HP: 37/48 MP: 5/8
  4403 | D:5      | Found an ancient bone altar of Kikubaaqudgha.
  4497 | D:5      | Found Nethasoi's General Store.
  4729 | D:5      | Reached skill level 7 in Axes
  4788 | D:5      | Found a bloodstained altar of Trog.
  5606 | D:5      | Became a worshipper of Trog the Wrathful
  5703 | D:6      | Found the +2 ratskin cloak {+Rats rPois rN+ Str-1 Int-1
                  | Dex+1}
  5764 | D:6      | Reached skill level 8 in Axes
  6036 | D:6      | Found a hazy altar of Hepliaklqana.
  6121 | D:6      | Reached XP level 9. HP: 50/53 MP: 9/9
  6327 | D:6      | Reached skill level 5 in Armour
  7056 | D:7      | Reached skill level 5 in Fighting
  7085 | D:7      | Found a blossoming altar of Fedhas.
  7197 | D:7      | Reached skill level 9 in Axes
  7503 | D:7      | Found a staircase to the Ecumenical Temple.
  7514 | Temple   | Entered the Ecumenical Temple
  7957 | D:7      | Reached * piety under Trog
  8231 | D:8      | Reached XP level 10. HP: 35/59 MP: 10/10
  8235 | D:8      | Impaled on a porcupine's spines

Levels and vault maps discovered:
D:1:      dpeg_arrival_arbitrary_c, layout_basic
D:2:      wad_woods_pond, layout_basic, overflow_temple_1_default,
          marbit_many_paths
D:3:      layout_basic, uniq_jessica
D:4:      layout_cave_pools, lemuel_crystal_altar, serial_column_ruins,
          column_ruins_temple_hut, column_ruins_hut,
          column_ruins_corridor_dead_end, column_ruins_columns_corner,
          column_ruins_grid_3, column_ruins_grid_1, column_ruins_grid_1,
          column_ruins_grid_3, first_ration, kennysheep_generic_room_8,
          uniq_blork_the_orc, uniq_natasha
D:5:      layout_basic, lemuel_crystal_altar, nicolae_overflow_hidden_temple,
          serial_shops, shop, serial_glass, glass_columns_a, glass_columns_a,
          glass_columns_b, glass_columns_a, glass_columns_a, glass_columns_a,
          glass_columns_a, glass_columns_b
D:6:      layout_basic, lemuel_coloured_pillars_altar,
          chequers_serial_rivers_small_3
D:7:      layout_basic, minmay_temple_entry_drinking_statues, serial_undead,
          serial_undead_b, serial_undead_e, serial_undead_a, serial_undead_c,
          serial_undead_f, serial_undead_a, serial_undead_b, serial_undead_f,
          serial_undead_e, serial_undead_a, basic_altar, columned_hall_lemuel
D:8:      layout_basic, grunt_lair_entry_orc_guard_hut, serial_shops,
          nicolae_shop_crystal, nicolae_ossuary_entry_false_entrances,
          chequers_garden, the_bakery
Temple:   regret_index_temple_generic_petals

Skill      XL: |  1  2  3  4  5  6  7  8  9 |
---------------+----------------------------+-----
Axes           | 2 3 4 6 8 9 |  9.9
Shields        | 4 5 6 |  6.8
Armour         | 4 5 |  5.8
Dodging        | 1 2 |  2.5
Fighting       | 4 5 |  5.3
Stealth        | |  0.4

Action                   |  1- 3 |  4- 6 |  7- 9 | 10-12 || total
-------------------------+-------+-------+-------+-------++-------
Melee: War axe           |   118 |   229 |    10 |       ||   357
       Broad axe         |       |       |   419 |     3 ||   422
  Use: Scroll            |       |     4 |     1 |       ||     5
  Eat: Chunk             |     1 |       |       |       ||     1
       Ration            |       |     3 |     4 |       ||     7
Armor: Scale mail        |    82 |   164 |   232 |     5 ||   483
Dodge: Dodged            |    43 |    85 |   140 |     2 ||   270
Block: Shield            |    83 |   149 |   149 |       ||   381
       Large shield      |       |       |   113 |     5 ||   118
